 Dungeon Crawl Stone Soup version 0.31-a0-640-g39d97e502b (webtiles) character file.

Game seed: 14681084398174383600

94 qw the Shooter (level 4, 0/28 HPs)
             Began as a Gargoyle Hunter on Aug 27, 2023.
             Slain by an orc wizard
             ... wielding a +0 dagger
              (2 damage)
             ... on level 3 of the Dungeon.
             The game lasted 00:00:35 (1894 turns).

qw the Shooter (Gargoyle Hunter)                    Turns: 1894, Time: 00:00:35

Health: 0/28       AC:  6    Str: 15    XL:     4   Next: 63%
Magic:  0/4        EV: 11    Int:  9    God:
Gold:   119        SH:  0    Dex: 15    Spells: 3/3 levels left

rFire   . . .        Y - +0 shortbow
rCold   . . .        (shield currently unavailable)
rNeg    + . .        c - +0 leather armour
rPois   inf          (no helmet)
rElec   +            (no cloak)
rCorr   .            (no gloves)
SInv    .            (no boots)
Will    .....        b - amulet of guardian spirit
Stlth   ++           (no ring)
HPRegen 0.24/turn    (no ring)
MPRegen 0.09/turn

%: guardian spirit
@: no status effects
A: sickness immunity, AC +3, negative energy resistance 1, electricity
resistance, torment resistance 1, petrification resistance
a: no special abilities


You were on level 3 of the Dungeon.
You visited 1 branch of the dungeon, and saw 3 of its levels.

You collected 119 gold pieces.


Innate Abilities, Weirdness & Mutations

You are immune to sickness and miasma.
Your stone body is resilient. (AC +3)
You are immune to poison.
You resist negative energy. (rN+)
You are resistant to electric shocks. (rElec)
You are resistant to unholy torment.
You are immune to petrification.


   Skills:
 - Level 3.0 Fighting
 + Level 5.5 Ranged Weapons
 - Level 1.5 Dodging
 - Level 1.1 Stealth


You had 3 spell levels left.
You didn't know any spells.
Your spell library was empty.

Inventory:

Hand Weapons
 Y - a +0 shortbow (weapon)
Armour
 c - a +0 leather armour (worn)
Jewellery
 b - an amulet of guardian spirit (around neck)
Scrolls
 d - a scroll of identify
 h - a scroll of revelation {unknown}
Potions
 a - a potion of resistance
 e - a potion of curing {unknown}
 f - a potion of brilliance {unknown}
 g - a potion of enlightenment {unknown}

Dungeon Overview and Level Annotations

Branches:
Dungeon (3/15)

Altars:


Message History

The orc wizard is moderately wounded.
The orc closely misses you.
You shoot an arrow. The arrow barely misses the orc wizard.
The orc wizard misses you. The orc barely misses you. The orc misses you.
You shoot an arrow. The arrow hits the orc wizard!
The orc wizard is severely wounded.
The orc wizard hits you with a +0 dagger.
The orc closely misses you.
The orc hits you from afar with a +0 trident.
The orc barely misses you.
The orc wizard gestures at you while chanting.
The magic dart hits you. The orc hits you but does no damage.
You shoot an arrow.
The arrow closely misses the orc wizard.
The orc wizard hits you but does no damage.
The orc closely misses you. The orc barely misses you.
You shoot an arrow. The arrow hits the orc wizard.
You kill the orc wizard!
The orc hits you with a +0 whip.
The orc hits you from afar with a +0 trident.
You shoot an arrow. The arrow hits the orc.
The orc is almost dead.
The orc hits you but does no damage.
You shoot an arrow. The arrow hits the orc.
You kill the orc!
You shoot an arrow. The arrow barely misses the orc.
You shoot an arrow.
The arrow closely misses the orc wizard.
The orc hits you but does no damage.
The orc wizard gestures at you while chanting.
You resist with some effort.
The orc hits you from afar with a +0 trident.
You shoot an arrow. The arrow hits the orc wizard.
The orc wizard is lightly wounded.
The orc wizard closely misses you.
The orc hits you from afar with a +0 trident.
You shoot an arrow. The arrow hits the orc wizard.
The orc wizard is moderately wounded.
The orc wizard hits you with a +0 dagger.
You die... /o

## #)$##### ..
#.oo.o##### ##
##o....# #@).####
##############.#.#
#.........<....#.#
###.##############.#
#...# .. #.### #.
..# #. .## . .#


You could see an orc wizard and an orc.

Vanquished Creatures
  An orc wizard (D:3)
  2 adders (D:2)
  3 worms (D:2)
  A dart slug (D:2)
  An orc (D:3)
  3 ball pythons (D:1)
  4 endoplasms
  4 giant cockroaches (D:1)
  6 hobgoblins
  2 quokkas
  2 bats (D:1)
  A frilled lizard (D:1)
  4 kobolds
  4 rats
38 creatures vanquished.

Notes
Turn   | Place    | Note
-------+----------+-------------------------------------------
     0 | D:1      | qw the Gargoyle Hunter began the quest for the Orb.
     0 | D:1      | Reached XP level 1. HP: 12/12 MP: 1/1
     0 | D:1      | 0 ||| qw: Version: 0.3-a-74-g0d5e918
     0 | D:1      | 0 ||| qw: Game counter: 52
     0 | D:1      | 0 ||| qw: Melee chars always use a shield: true
     0 | D:1      | 0 ||| qw: God list: Okawaru
     0 | D:1      | 0 ||| qw: Allow faded altars: false
     0 | D:1      | 0 ||| qw: Do Orc after clearing Dungeon:15 true
     0 | D:1      | 0 ||| qw: Do second Lair branch before Depths: true
     0 | D:1      | 0 ||| qw: Lair rune preference: random
     0 | D:1      | 0 ||| qw: Goals: Normal
     0 | D:1      | 0 ||| PLANNING D:1-11
   165 | D:1      | Reached XP level 2. HP: 17/17 MP: 2/2
   748 | D:1      | Reached XP level 3. HP: 21/21 MP: 3/3
   983 | D:1      | 983 ||| READING scroll labelled ANGUMPURGHE.
   984 | D:1      | 984 ||| READING scroll labelled YSIRAO GUMA.
   985 | D:1      | 985 ||| READING scroll labelled SOL BOOLIRPH.
   986 | D:1      | 986 ||| DROPPING scroll of butterflies.
  1029 | D:2      | Reached skill level 5 in Ranged Weapons
  1229 | D:2      | Reached skill level 3 in Fighting
  1274 | D:2      | Reached XP level 4. HP: 28/28 MP: 4/4
  1805 | D:2      | 1805 ||| UPGRADING to amulet of guardian spirit.
  1810 | D:2      | 1810 ||| READING 2 scrolls of identify.
  1810 | D:2      | 1810 ||| IDENTIFYING blue potion
  1876 | D:3      | 1876 ||| Stepping ~*~*~tactically~*~*~ (outnumbered).
  1878 | D:3      | 1878 ||| Stepping ~*~*~tactically~*~*~ (outnumbered).
  1880 | D:3      | 1880 ||| Stepping ~*~*~tactically~*~*~ (retreating).
  1888 | D:3      | HP: 7/28 [orc/+0 whip (2)]
  1892 | D:3      | HP: 3/28 [orc/+0 trident (3)]
  1893 | D:3      | HP: 1/28 [orc/+0 trident (2)]
  1894 | D:3      | Slain by an orc wizard

Levels and vault maps discovered:
D:1:      saegor_arrival_under_anarchy, layout_basic, minmay_surrounded
D:2:      layout_loops_ring, moated_statue, nicolae_elevator_lobby_plus
D:3:      layout_rooms, dreamdust_ecumenical_altar_drowned_temple, uniq_sigmund,
          uniq_crazy_yiuf_cottage

Skill      XL: |  1  2  3 |
---------------+----------+-----
Ranged Weapons | 5 |  5.5
Fighting       | 3 |  3.0
Dodging        | |  1.5
Stealth        | |  1.1

Action                     |  1- 3 |  4- 6 || total
---------------------------+-------+-------++-------
   Fire: Shortbow          |    99 |    47 ||   146
    Use: Scroll            |     3 |     1 ||     4
 Armour: Leather armour    |     9 |    10 ||    19
  Dodge: Dodged            |    24 |    14 ||    38

Table legend:
 A = Non-vault XP
 B = Vault XP
 C = Vault XP percentage of total XP
 D = Non-vault monster count
 E = Vault monster count
 F = Vault count percentage of total count
                 A         B        C        D         E       F
            +---------+---------+-------+---------+---------+-------
      Total |     128 |       7 |   5.2 |      34 |       4 |  10.5
            +---------+---------+-------+---------+---------+-------
        D:1 |      30 |       7 |  18.9 |      18 |       4 |  18.2
        D:2 |      56 |       0 |   0.0 |      12 |       0 |   0.0
        D:3 |      42 |       0 |   0.0 |       4 |       0 |   0.0
            +---------+---------+-------+---------+---------+-------
